WIN
ARIZONA (WIN) DIAMONDBACKS @ CINCINNATI (WIN) REDS
12/03/2045
 
TOP OF THE 1ST
Arizona (WIN) Diamondbacks batting - Pitching for Cincinnati (WIN) Reds : LHP Zach Masengill
Pitching: LHP Zach Masengill
Batting: RHB Andy Swaim 0-0: Ball
1-0: Ball
2-0: Foul Ball, location: 2F
2-1: Foul Ball, location: 2F
2-2: Fly out, F7 (Flyball, 7LSF, EV 91.2 MPH)
Batting: RHB Katilimomi Kelekolio 0-0: Ball
1-0: Swinging Strike
1-1: Foul Ball, location: 2F
1-2: Strikes out looking
Batting: RHB Dave Vargas 0-0: Ball
1-0: Swinging Strike
1-1: Swinging Strike
1-2: Strikes out looking
Top of the 1st over - 0 runs, 0 hits, 0 errors, 0 left on base; Arizona (WIN) 0 - Cincinnati (WIN) 0
BOTTOM OF THE 1ST
Cincinnati (WIN) Reds batting - Pitching for Arizona (WIN) Diamondbacks : LHP David Legg
Pitching: LHP David Legg
Batting: RHB Solange Le Coq 0-0: Ground out 6-3 (Groundball, 56D, EV 108.1 MPH)
Batting: RHB Jon Marquez 0-0: Ground out 5-3 (Groundball, 5L, EV 86.2 MPH)
Batting: RHB Danny Real 0-0: Ball
1-0: Ball
2-0: Ball
3-0: Called Strike
3-1: Foul Ball, location: 2F
3-2: SINGLE (Line Drive, 89S, EV 84.4 MPH)
Batting: RHB Pedro Pinero 0-0: Ball
1-0: Ball
2-0: Ball
3-0: Called Strike
3-1: Base on Balls
Danny Real to second
Batting: SHB Kristian Kristensen 0-0: Foul Ball, location: 2F
0-1: Called Strike
0-2: Ball
1-2: Foul Ball, location: 2F
1-2: Foul Ball, location: 2F
1-2: Ball
2-2: Fielders Choice at 2nd, 6-4 (Groundball, 6, EV 103.1 MPH)
Bottom of the 1st over - 0 runs, 1 hit, 0 errors, 2 left on base; Arizona (WIN) 0 - Cincinnati (WIN) 0
TOP OF THE 2ND
Arizona (WIN) Diamondbacks batting - Pitching for Cincinnati (WIN) Reds : LHP Zach Masengill
Batting: SHB Salvador Aragon 0-0: Ball
1-0: Called Strike
1-1: Ball
2-1: SOLO HOME RUN (Flyball, 78XD, EV 100.0 MPH), Distance : 390 ft
Batting: LHB Bobby Arevalo 0-0: Called Strike
0-1: Ball
1-1: Foul Ball, location: 2F
1-2: Ball
2-2: Strikes out looking
Batting: LHB Kevin Ferguson 0-0: Ball
1-0: Fly out, F7 (Flyball, 7LM, EV 100.6 MPH)
Batting: LHB Steve Reinhart 0-0: SINGLE (Line Drive, 7S, EV 86.2 MPH)
Batting: RHB Edgar Garcia 0-0: Swinging Strike
0-1: Ball
1-1: Foul Ball, location: 2F
1-2: Ball
2-2: Ball
3-2: Ground out 6-3 (Groundball, 6, EV 88.1 MPH)
Top of the 2nd over - 1 run, 2 hits, 0 errors, 1 left on base; Arizona (WIN) 1 - Cincinnati (WIN) 0
BOTTOM OF THE 2ND
Cincinnati (WIN) Reds batting - Pitching for Arizona (WIN) Diamondbacks : LHP David Legg
Batting: RHB Tim Wormell 0-0: Ground out 6-3 (Groundball, 56, EV 76.9 MPH)
Batting: RHB Steve Anderson 0-0: SOLO HOME RUN (Flyball, 78XD, EV 104.4 MPH), Distance : 425 ft
Batting: LHB Curt Johnson 0-0: Ball
1-0: Ball
2-0: Called Strike
2-1: Ground out 4-3 (Groundball, 4, EV 90.6 MPH)
Batting: LHB Akira Yamano 0-0: Ball
1-0: Ground out 4-3 (Groundball, 4, EV 85.0 MPH)
Bottom of the 2nd over - 1 run, 1 hit, 0 errors, 0 left on base; Arizona (WIN) 1 - Cincinnati (WIN) 1
TOP OF THE 3RD
Arizona (WIN) Diamondbacks batting - Pitching for Cincinnati (WIN) Reds : LHP Zach Masengill
Batting: RHB Franklin Villanueva 0-0: Called Strike
0-1: Foul Ball, location: 2F
0-2: Ball
1-2: Ball
2-2: Ball
3-2: Strikes out looking
Batting: RHB Andy Swaim 0-0: Ball
1-0: Foul Ball, location: 2F
1-1: Ball
2-1: Foul Ball, location: 2F
2-2: Ground out 5-3 (Groundball, 56, EV 87.5 MPH)
Batting: RHB Katilimomi Kelekolio 0-0: Called Strike
0-1: Ball
1-1: Swinging Strike
1-2: Foul Ball, location: 2F
1-2: Strikes out swinging
Top of the 3rd over - 0 runs, 0 hits, 0 errors, 0 left on base; Arizona (WIN) 1 - Cincinnati (WIN) 1
BOTTOM OF THE 3RD
Cincinnati (WIN) Reds batting - Pitching for Arizona (WIN) Diamondbacks : LHP David Legg
Batting: RHB Solange Le Coq 0-0: Foul Ball, location: 2F
0-1: Ball
1-1: Swinging Strike
1-2: Strikes out swinging
Batting: RHB Jon Marquez 0-0: Called Strike
0-1: Foul Ball, location: 2F
0-2: Hit by Pitch
Batting: RHB Danny Real 0-0: Ball
Jon Marquez is caught stealing 2nd base 2-4
1-0: Ball
2-0: Foul Ball, location: 2F
2-1: Swinging Strike
2-2: Strikes out swinging
Bottom of the 3rd over - 0 runs, 0 hits, 0 errors, 0 left on base; Arizona (WIN) 1 - Cincinnati (WIN) 1
TOP OF THE 4TH
Arizona (WIN) Diamondbacks batting - Pitching for Cincinnati (WIN) Reds : LHP Zach Masengill
Batting: RHB Dave Vargas 0-0: Fly out, F9 (Flyball, 9, EV 87.5 MPH)
Batting: SHB Salvador Aragon 0-0: Ball
1-0: Ball
2-0: Ball
3-0: Base on Balls
Batting: LHB Bobby Arevalo Pickoff Throw to First - Out! 1-3 CS
0-0: Fly out, F8 (Flyball, 8RD, EV 95.6 MPH)
Top of the 4th over - 0 runs, 0 hits, 0 errors, 0 left on base; Arizona (WIN) 1 - Cincinnati (WIN) 1
BOTTOM OF THE 4TH
Cincinnati (WIN) Reds batting - Pitching for Arizona (WIN) Diamondbacks : LHP David Legg
Batting: RHB Pedro Pinero 0-0: Foul Ball, location: 2F
0-1: Swinging Strike
0-2: Ball
1-2: Strikes out swinging
Batting: SHB Kristian Kristensen 0-0: Ball
1-0: Swinging Strike
1-1: Foul Ball, location: 2F
1-2: Ball
2-2: Ground out 5-3 (Groundball, 5, EV 90.0 MPH)
Batting: RHB Tim Wormell 0-0: Ball
1-0: Ball
2-0: Foul Ball, location: 2F
2-1: Ball
3-1: Base on Balls
Batting: RHB Steve Anderson 0-0: Ball
1-0: Ball
2-0: Ball
3-0: Hit by Pitch
Tim Wormell to second
Batting: LHB Curt Johnson 0-0: Swinging Strike
0-1: Foul Ball, location: 2F
0-2: Strikes out swinging, 2-3 out at first.
Bottom of the 4th over - 0 runs, 0 hits, 0 errors, 2 left on base; Arizona (WIN) 1 - Cincinnati (WIN) 1
TOP OF THE 5TH
Arizona (WIN) Diamondbacks batting - Pitching for Cincinnati (WIN) Reds : LHP Zach Masengill
Pitching: RHP Jesus Gallegos
Batting: LHB Kevin Ferguson 0-0: Called Strike
0-1: Ball
1-1: SINGLE (Flyball, 78S, EV 85.0 MPH)
Batting: LHB Steve Reinhart 0-0: Ball
1-0: Ball
Kevin Ferguson steals 2nd base
2-0: Ball
3-0: Called Strike
3-1: Ground out 6-3 (Groundball, 56, EV 102.5 MPH)
Batting: RHB Edgar Garcia 0-0: Ball
Kevin Ferguson steals 3rd base
1-0: Ball
2-0: Foul Ball, location: 2F
2-1: Foul Ball, location: 2F
2-2: Strikes out looking
Batting: RHB Franklin Villanueva 0-0: Called Strike
0-1: Ball
1-1: Ground out 4-3 (Groundball, 4S, EV 83.1 MPH)
Top of the 5th over - 0 runs, 1 hit, 0 errors, 1 left on base; Arizona (WIN) 1 - Cincinnati (WIN) 1
BOTTOM OF THE 5TH
Cincinnati (WIN) Reds batting - Pitching for Arizona (WIN) Diamondbacks : LHP David Legg
Batting: LHB Akira Yamano 0-0: Swinging Strike
0-1: Ball
1-1: Ball
2-1: Foul Ball, location: 2F
2-2: Foul Ball, location: 2F
2-2: Ball
3-2: SOLO HOME RUN (Flyball, 9LD, EV 95.0 MPH), Distance : 338 ft
Batting: RHB Solange Le Coq 0-0: Swinging Strike
0-1: Called Strike
0-2: Ball
1-2: Ball
2-2: DOUBLE (Groundball, 5L, EV 106.9 MPH)
Batting: RHB Jon Marquez 0-0: Called Strike
0-1: Ball
1-1: Ground out U3 (Groundball, 34S, EV 93.1 MPH)
Solange Le Coq to third
Batting: RHB Danny Real 0-0: Called Strike
0-1: Ball
1-1: Swinging Strike
1-2: Ball
2-2: Strikes out looking
Batting: RHB Pedro Pinero 0-0: Ball
1-0: Ball
2-0: Called Strike
2-1: Called Strike
2-2: Ball
3-2: Foul Ball, location: 2F
3-2: Base on Balls
Batting: SHB Kristian Kristensen 0-0: Ball
1-0: Foul Ball, location: 2F
1-1: Swinging Strike
1-2: Ball
2-2: Foul Ball, location: 2F
2-2: SINGLE (Groundball, 56D, EV 108.1 MPH)
Solange Le Coq scores
Pedro Pinero to second
Pitching: RHP Chad Toms
Batting: RHB Tim Wormell 0-0: Foul Ball, location: 2F
0-1: Ball
1-1: Ball
2-1: Foul Ball, location: 2F
2-2: Foul Ball, location: 2F
2-2: Strikes out looking
Bottom of the 5th over - 2 runs, 3 hits, 0 errors, 2 left on base; Arizona (WIN) 1 - Cincinnati (WIN) 3
TOP OF THE 6TH
Arizona (WIN) Diamondbacks batting - Pitching for Cincinnati (WIN) Reds : RHP Jesus Gallegos
Batting: RHB Andy Swaim 0-0: Swinging Strike
0-1: Ball
1-1: Ground out 5-3 (Groundball, 56S, EV 70.6 MPH)
Batting: RHB Katilimomi Kelekolio 0-0: Ball
1-0: Swinging Strike
1-1: Foul Ball, location: 2F
1-2: Ball
2-2: Ball
3-2: Foul Ball, location: 2F
3-2: Base on Balls
Batting: RHB Dave Vargas 0-0: Ball
1-0: Fly out, F8 (Flyball, 8LD, EV 85.6 MPH)
Batting: SHB Salvador Aragon 0-0: Called Strike
0-1: Ball
1-1: Foul Ball, location: 2F
1-2: Ball
Katilimomi Kelekolio steals 2nd base (no throw)
2-2: Strikes out swinging
Top of the 6th over - 0 runs, 0 hits, 0 errors, 1 left on base; Arizona (WIN) 1 - Cincinnati (WIN) 3
BOTTOM OF THE 6TH
Cincinnati (WIN) Reds batting - Pitching for Arizona (WIN) Diamondbacks : RHP Chad Toms
Batting: RHB Steve Anderson 0-0: Ball
1-0: Called Strike
1-1: Ball
2-1: Ground out 4-3 (Groundball, 4, EV 91.9 MPH)
Batting: LHB Curt Johnson 0-0: Swinging Strike
0-1: Called Strike
0-2: Ball
1-2: Hit by Pitch
Batting: LHB Akira Yamano 0-0: Called Strike
0-1: Ball
1-1: Ball
2-1: SINGLE (Groundball, 3D, EV 109.4 MPH)
Curt Johnson to second
Batting: RHB Solange Le Coq 0-0: Foul Ball, location: 2F
0-1: Ball
1-1: Called Strike
1-2: Ball
2-2: Strikes out swinging
Batting: RHB Jon Marquez 0-0: Fielders Choice at 2nd, 5-4 (Groundball, 56, EV 79.4 MPH)
Bottom of the 6th over - 0 runs, 1 hit, 0 errors, 2 left on base; Arizona (WIN) 1 - Cincinnati (WIN) 3
TOP OF THE 7TH
Arizona (WIN) Diamondbacks batting - Pitching for Cincinnati (WIN) Reds : RHP Jesus Gallegos
Batting: LHB Bobby Arevalo 0-0: Ball
1-0: Called Strike
1-1: Ball
2-1: Called Strike
2-2: Ball
3-2: Strikes out swinging
Batting: LHB Kevin Ferguson 0-0: Ball
1-0: SOLO HOME RUN (Flyball, 78XD, EV 110.0 MPH), Distance : 420 ft
Batting: LHB Steve Reinhart 0-0: Ball
1-0: Ball
2-0: Ball
3-0: Foul Ball, location: 2F
3-1: Foul Ball, location: 2F
3-2: Base on Balls
Batting: RHB Edgar Garcia 0-0: Called Strike
Steve Reinhart is caught stealing 2nd base 2-4
0-1: Ball
1-1: Ground out U3 (Groundball, 34, EV 91.2 MPH)
Top of the 7th over - 1 run, 1 hit, 0 errors, 0 left on base; Arizona (WIN) 2 - Cincinnati (WIN) 3
BOTTOM OF THE 7TH
Cincinnati (WIN) Reds batting - Pitching for Arizona (WIN) Diamondbacks : RHP Chad Toms
Batting: RHB Danny Real 0-0: Swinging Strike
0-1: Ball
1-1: Called Strike
1-2: Fly out, F9 (Line Drive, 9, EV 92.5 MPH)
Batting: RHB Pedro Pinero 0-0: Ball
1-0: Swinging Strike
1-1: Fly out, F7 (Flyball, 7S, EV 90.6 MPH)
Batting: SHB Kristian Kristensen 0-0: Ball
1-0: Called Strike
1-1: Swinging Strike
1-2: Ball
2-2: Foul Ball, location: 2F
2-2: Foul Ball, location: 2F
2-2: Foul Ball, location: 2F
2-2: Ball
3-2: Foul Ball, location: 2F
3-2: Foul Ball, location: 2F
3-2: Foul Ball, location: 2F
3-2: Ground out 6-3 (Groundball, 6S, EV 88.1 MPH)
Bottom of the 7th over - 0 runs, 0 hits, 0 errors, 0 left on base; Arizona (WIN) 2 - Cincinnati (WIN) 3
TOP OF THE 8TH
Arizona (WIN) Diamondbacks batting - Pitching for Cincinnati (WIN) Reds : RHP Jesus Gallegos
Pitching: RHP Tim Bant
Batting: RHB Franklin Villanueva 0-0: Ball
1-0: DOUBLE (Groundball, 5D, EV 101.9 MPH)
Batting: RHB Andy Swaim 0-0: Foul Ball, location: 2F
0-1: Ball
1-1: Swinging Strike
1-2: Strikes out swinging
Batting: RHB Katilimomi Kelekolio 0-0: Called Strike
0-1: Foul Ball, location: 2F
0-2: Strikes out looking
Batting: RHB Dave Vargas 0-0: Called Strike
0-1: Called Strike
0-2: Strikes out swinging
Top of the 8th over - 0 runs, 1 hit, 0 errors, 1 left on base; Arizona (WIN) 2 - Cincinnati (WIN) 3
BOTTOM OF THE 8TH
Cincinnati (WIN) Reds batting - Pitching for Arizona (WIN) Diamondbacks : RHP Chad Toms
Pitching: LHP Mario Valdivia
Batting: RHB Tim Wormell 0-0: Called Strike
0-1: Ball
1-1: Foul Ball, location: 2F
1-2: Foul Ball, location: 2F
1-2: Strikes out swinging
Batting: RHB Steve Anderson 0-0: Called Strike
0-1: Swinging Strike
0-2: Strikes out swinging
Batting: LHB Curt Johnson 0-0: Ball
1-0: Called Strike
1-1: Fly out, F8 (Flyball, 89M, EV 91.9 MPH)
Bottom of the 8th over - 0 runs, 0 hits, 0 errors, 0 left on base; Arizona (WIN) 2 - Cincinnati (WIN) 3
TOP OF THE 9TH
Arizona (WIN) Diamondbacks batting - Pitching for Cincinnati (WIN) Reds : RHP Tim Bant
Pitching: RHP Gary King
Batting: SHB Salvador Aragon 0-0: Ball
1-0: SOLO HOME RUN (Flyball, 8LXD, EV 110.6 MPH), Distance : 415 ft
Batting: LHB Bobby Arevalo 0-0: Ball
1-0: Ball
2-0: Ball
3-0: Base on Balls
Batting: LHB Kevin Ferguson 0-0: Foul Ball, location: 2F
0-1: Foul Ball, location: 2F
0-2: Strikes out swinging
Batting: LHB Steve Reinhart 0-0: Ball
1-0: Called Strike
1-1: Ball
2-1: Hit by Pitch
Bobby Arevalo to second
Batting: RHB Edgar Garcia 0-0: Ball
1-0: Grounds into double play, 6-4-3 (Groundball, 6, EV 83.1 MPH)
Top of the 9th over - 1 run, 1 hit, 0 errors, 1 left on base; Arizona (WIN) 3 - Cincinnati (WIN) 3
BOTTOM OF THE 9TH
Cincinnati (WIN) Reds batting - Pitching for Arizona (WIN) Diamondbacks : LHP Mario Valdivia
Batting: LHB Akira Yamano 0-0: Ball
1-0: Called Strike
1-1: SINGLE (Groundball, 4MD, EV 99.4 MPH)
Batting: RHB Solange Le Coq 0-0: Bunted foul
0-1: Sac Bunt to 3S - play at first, batter OUT! 3-1
Akira Yamano to second
Batting: RHB Jon Marquez 0-0: Swinging Strike
0-1: Ball
1-1: Ball
2-1: Foul Ball, location: 2F
2-2: Fly out, F8 (Flyball, 8LM, EV 76.2 MPH)
Batting: RHB Danny Real 0-0: Ball
1-0: Foul Ball, location: 2F
1-1: SINGLE (Flyball, 9LS, EV 87.5 MPH)
Akira Yamano to third
Throwing error, E9
Akira Yamano scores
Bottom of the 9th over - 1 run, 2 hits, 1 error, 1 left on base; Arizona (WIN) 3 - Cincinnati (WIN) 4
Wednesday, June 22nd , 2022 - OOTP Baseball 23.4 Build 64